 Dungeon Crawl Stone Soup version 0.25-a0-496-g8c4878dea3 (webtiles) character file.

Game seed: 16649651621601218116, levelgen mode: deterministic

184 RedPan the Magician (level 5, -2/43 HPs)
             Began as a Gnoll Wanderer on Feb 12, 2020.
             Killed by divine providence
             ... invoked by an orc priest
              (14 damage)
             ... on level 4 of the Dungeon.
             The game lasted 00:05:16 (2785 turns).

RedPan the Magician (Gnoll Wanderer)                Turns: 2785, Time: 00:05:17

Health: -2/43      AC:  4    Str: 15    XL:     5   Next: 63%
Magic:  11/14      EV: 12    Int: 16    God:
Gold:   109        SH:  0    Dex: 15    Spells: 10/18 levels left

rFire    . . .     SeeInvis .   a - +0 falchion
rCold    + . .     Gourm    +   (no shield)
rNeg     . . .     Faith    .   q - +1 robe "Ejeug" {rC+ Int+2}
rPois    +         Spirit   .   (no helmet)
rElec    .         Reflect  .   (no cloak)
rCorr    .         Harm     .   (no gloves)
MR       +....                  r - +0 pair of boots
Stlth    ++........             o - amulet of the gourmand
HPRegen  0.14/turn              h - ring of poison resistance
MPRegen  0.14/turn              i - ring of protection from magic

@: no status effects
A: distributed training, fangs 1, strong nose
a: no special abilities


You were on level 4 of the Dungeon.
You were completely stuffed.

You visited 1 branch of the dungeon, and saw 4 of its levels.

You collected 109 gold pieces.

Inventory:

Hand Weapons
 a - a +0 falchion (weapon)
Armour
 q - the +1 robe "Ejeug" (worn) {rC+ Int+2}
   (You found it on level 4 of the Dungeon)

   It affects your intelligence (+2).
   It protects you from cold.
   If you remove this armour, your AC will decrease by 3 (4 -> 1).
 r - a +0 pair of boots (worn)
Jewellery
 h - a ring of poison resistance (left hand)
 i - a ring of protection from magic (right hand)
 j - an uncursed ring of protection from fire
 o - an amulet of the gourmand (around neck)
Scrolls
 b - a scroll of immolation
 c - a scroll of teleportation
 d - a scroll of remove curse {unknown}
 e - 5 scrolls of identify
Potions
 g - 2 potions of heal wounds {unknown}
 k - a potion of brilliance {unknown}
 l - 3 potions of curing {unknown}
 m - a potion of flight {unknown}
 n - a potion of lignification {unknown}
 p - 2 potions of haste {unknown}
Comestibles
 f - 6 rations


   Skills:
 + Level 4.8 Fighting
 + Level 1.5 Short Blades
 + Level 3.0 Long Blades
 + Level 1.5 Axes
 + Level 1.5 Maces & Flails
 + Level 1.5 Polearms
 + Level 1.5 Staves
 + Level 1.5 Slings
 + Level 1.5 Bows
 + Level 1.5 Crossbows
 + Level 1.5 Throwing
 + Level 1.5 Armour
 + Level 1.5 Dodging
 + Level 1.5 Stealth
 + Level 3.0 Shields
 + Level 1.5 Unarmed Combat
 + Level 7.3 Spellcasting
 + Level 1.2 Conjurations
 + Level 2.4 Hexes
 + Level 1.2 Charms
 + Level 1.2 Summonings
 + Level 1.2 Necromancy
 + Level 1.2 Translocations
 + Level 1.2 Transmutations
 + Level 2.4 Fire Magic
 + Level 1.2 Ice Magic
 + Level 1.2 Air Magic
 + Level 1.2 Earth Magic
 + Level 1.2 Poison Magic
 + Level 1.7 Invocations
 + Level 3.0 Evocations


You had 10 spell levels left.
You knew the following spells:

 Your Spells              Type           Power        Failure   Level  Hunger
a - Magic Dart            Conj           #...         8%          1    None
b - Blink                 Tloc           N/A          11%         2    None
c - Call Imp              Summ           #.......     11%         2    None
d - Mephitic Cloud        Conj/Pois/Air  #.......     22%         3    ##.....

Your spell library contained the following spells:

 Spells                   Type           Power        Failure   Level  Hunger
 Slow                     Hex            ##......     7%          2    None
 Conjure Flame            Conj/Fire      ##......     17%         3    ##.....


Dungeon Overview and Level Annotations

Branches:
Dungeon (4/15)             Temple (0/1) D:4

Altars:


Innate Abilities, Weirdness & Mutations

Your experience applies equally to all skills.
You have very sharp teeth.
Your uncanny sense of smell can sniff out nearby items.


Message History

You closely miss the orc priest. The orc priest hits you.
* * * LOW HITPOINT WARNING * * *
Your iron imp barely misses the orc priest.
Casting: Call Imp (safe; 11% risk of failure)
Confirm with . or Enter, or press ? or * to list all spells.
Aiming: Magic Dart (safe; 8% risk of failure)
Press: ? - help, Shift-Dir - straight line, f - orc priest
Aim: an orc priest, wearing a +0 leather armour The magic dart hits the orc priest but does no damage.
The orc priest barely misses you.
Your iron imp hits the orc priest.
Casting: Magic Dart (safe; 8% risk of failure)
Confirm with . or Enter, or press ? or * to list all spells.
Aiming: Magic Dart (safe; 8% risk of failure)
Press: ? - help, Shift-Dir - straight line, f/p - orc priest
Aim: an orc priest, wearing a +0 leather armour (heavily wounded)
The magic dart hits the orc priest but does no damage.
The orc priest is heavily wounded.
The orc priest calls down the wrath of Beogh upon you.
Beogh smites you!
You die...

#..................#.##.#
#.##.###.###.####.###.#.#
#.##.# #... .###.##
##..####### #.##.# ###.#
##.## ##........ #.##.#
.# ##.## ##.########
#.##.# # #..###.## #.##.#
# ###.#.#.## #.##<#
###.#.#o#.#..## #.##..
.......@5.#..# #.#
###########..# #.#
#..####### #.#
#...[.....∆ #.#
#.######## #.# ########.#
#.# #........# #.#
#.######## #.#########.#


You could see an orc priest and a friendly iron imp.

Vanquished Creatures
  A worker ant (D:4)
  4 adders (D:3)
  A dart slug (D:1)
  2 leopard geckos
  An orc (D:3)
  A ball python (D:2)
  3 giant cockroaches
  2 goblins
  5 hobgoblins
  4 jackals (D:1)
  6 kobolds
  2 quokkas
  8 bats
  A frilled lizard (D:3)
  4 rats
45 creatures vanquished.

Vanquished Creatures (collateral kills)
  The ghost of gouglew the Gusty, a weakling TeAE (D:3)
  An orc priest (D:3)
  3 adders
  A dart slug (D:2)
  A leopard gecko (D:2)
  5 orcs (D:3)
  A ball python (D:2)
13 creatures vanquished.

Grand Total: 58 creatures vanquished

Notes
Turn   | Place    | Note
-------+----------+-------------------------------------------
     0 | D:1      | RedPan the Gnoll Wanderer began the quest for the Orb.
     0 | D:1      | RedPan set off with the following items: a +0 falchion, a
                  | scroll of teleportation, a +0 robe, a ration; and the
                  | following spell memorised: Magic Dart; and the following
                  | spells available to memorise: Slow, Blink, Call Imp,
                  | Conjure Flame, Mephitic Cloud
     0 | D:1      | Reached XP level 1. HP: 20/20 MP: 8/8
    81 | D:1      | Reached XP level 2. HP: 24/26 MP: 3/10
   710 | D:1      | Learned a level 2 spell: Blink
   713 | D:1      | Learned a level 2 spell: Call Imp
   797 | D:2      | Reached XP level 3. HP: 28/31 MP: 6/11
   952 | D:2      | Reached skill level 1 in Invocations
  1382 | D:3      | Reached skill level 1 in Short Blades
  1382 | D:3      | Reached skill level 1 in Axes
  1382 | D:3      | Reached skill level 1 in Maces & Flails
  1382 | D:3      | Reached skill level 1 in Polearms
  1382 | D:3      | Reached skill level 1 in Staves
  1382 | D:3      | Reached skill level 1 in Slings
  1382 | D:3      | Reached skill level 1 in Bows
  1382 | D:3      | Reached skill level 1 in Crossbows
  1382 | D:3      | Reached skill level 1 in Throwing
  1382 | D:3      | Reached skill level 1 in Armour
  1382 | D:3      | Reached skill level 1 in Dodging
  1382 | D:3      | Reached skill level 1 in Stealth
  1382 | D:3      | Reached skill level 1 in Unarmed Combat
  1382 | D:3      | Reached XP level 4. HP: 23/38 MP: 8/13
  1833 | D:3      | Reached skill level 1 in Conjurations
  1833 | D:3      | Reached skill level 1 in Charms
  1833 | D:3      | Reached skill level 1 in Summonings
  1833 | D:3      | Reached skill level 1 in Necromancy
  1833 | D:3      | Reached skill level 1 in Translocations
  1833 | D:3      | Reached skill level 1 in Transmutations
  1833 | D:3      | Reached skill level 1 in Ice Magic
  1833 | D:3      | Reached skill level 1 in Air Magic
  1833 | D:3      | Reached skill level 1 in Earth Magic
  1833 | D:3      | Reached skill level 1 in Poison Magic
  1880 | D:3      | Learned a level 3 spell: Mephitic Cloud
  1931 | D:3      | Reached XP level 5. HP: 36/43 MP: 14/14
  2426 | D:3      | Found a large runed translucent door.
  2426 | D:3      | Found a large runed translucent door.
  2428 | D:3      | Noticed gouglew's ghost (weakling TeAE)
  2515 | D:3      | Killed gouglew's ghost
  2640 | D:4      | Got a heavy robe
  2651 | D:4      | Identified the +1 robe "Ejeug" {rC+ Int+2} (You found it on
                  | level 4 of the Dungeon)
  2779 | D:4      | Found a staircase to the Ecumenical Temple.
  2785 | D:4      | Killed from afar by an orc priest

Levels and vault maps discovered:
D:1:      wander_arrival_abandoned_jail, layout_loops_ring, dk_noncrumbling_2,
          minmay_distorted
D:2:      layout_basic, first_ration, serial_forest,
          infiniplex_forest_lined_3_way, infiniplex_forest_lined_3,
          infiniplex_forest_clump_long, infiniplex_forest_zigzag_1,
          infiniplex_forest_clump_tiny
D:3:      layout_basic, ebering_ghost_disaster_area
D:4:      layout_loops_ring, lemuel_round_altar,
          minmay_temple_entry_proselytizer, grunt_tough_drop, uniq_duvessa

Skill      XL: |  1  2  3  4  5 |
---------------+----------------+-----
Hexes          | 2 |  2.4
Fire Magic     | 2 |  2.4
Invocations    | 1 |  1.7
Short Blades   | 1 |  1.5
Axes           | 1 |  1.5
Maces & Flails | 1 |  1.5
Polearms       | 1 |  1.5
Staves         | 1 |  1.5
Slings         | 1 |  1.5
Bows           | 1 |  1.5
Crossbows      | 1 |  1.5
Throwing       | 1 |  1.5
Armour         | 1 |  1.5
Dodging        | 1 |  1.5
Stealth        | 1 |  1.5
Unarmed Combat | 1 |  1.5
Conjurations   | 1 |  1.2
Charms         | 1 |  1.2
Summonings     | 1 |  1.2
Necromancy     | 1 |  1.2
Translocations | 1 |  1.2
Transmutations | 1 |  1.2
Ice Magic      | 1 |  1.2
Air Magic      | 1 |  1.2
Earth Magic    | 1 |  1.2
Poison Magic   | 1 |  1.2
Long Blades    | 3 |  3.0
Shields        | 3 |  3.0
Evocations     | 3 |  3.0
Fighting       | |  4.8
Spellcasting   | |  7.3

Action                   |  1- 3 |  4- 6 || total
-------------------------+-------+-------++-------
Melee: Falchion          |    54 |    58 ||   112
       Bite              |     7 |     6 ||    13
 Cast: Magic Dart        |    38 |    10 ||    48
       Call Imp          |     8 |     8 ||    16
       Blink             |     2 |       ||     2
  Use: Scroll            |     2 |       ||     2
 Stab: Sleeping          |     2 |     1 ||     3
  Eat: Chunk             |    11 |     7 ||    18
Armor: Robe              |    16 |    14 ||    30
Dodge: Dodged            |    61 |    46 ||   107
       Rpst.: Falchion   |    13 |    17 ||    30

Table legend:
 A = Non-vault XP
 B = Vault XP
 C = Vault XP percentage of total XP
 D = Non-vault monster count
 E = Vault monster count
 F = Vault count percentage of total count
                 A         B        C        D         E       F
            +---------+---------+-------+---------+---------+-------
      Total |     221 |      42 |  16.0 |      56 |       2 |   3.4
            +---------+---------+-------+---------+---------+-------
        D:1 |      22 |       4 |  15.4 |      13 |       1 |   7.1
        D:2 |      46 |       0 |   0.0 |      18 |       0 |   0.0
        D:3 |     119 |      38 |  24.2 |      24 |       1 |   4.0
        D:4 |      34 |       0 |   0.0 |       1 |       0 |   0.0
            +---------+---------+-------+---------+---------+-------
